 Dungeon Crawl Stone Soup version 0.30-a0-424-g7412bad402 (webtiles) character file.

Game seed: 16062201454504163671

129427 pokeman the Sorcerer (level 16, -3/84 HPs)
             Began as a Deep Elf Hedge Wizard on Dec 9, 2022.
             Was a High Priest of Vehumet.
             Slain by a merfolk impaler
             ... wielding a +0 trident
              (17 damage)
             ... on level 1 of the Shoals.
             The game lasted 01:38:17 (31022 turns).

pokeman the Sorcerer (Deep Elf Hedge Wizard)       Turns: 31022, Time: 01:38:17

Health: -3/84      AC: 27    Str:  7    XL:     16   Next: 50%
Magic:  9/45       EV:  7    Int: 30    God:    Vehumet [*****.]
Gold:   3001       SH:  7    Dex: 14    Spells: 27/62 levels left

rFire   + + +      SeeInvis +    H - +3 quick blade (vamp)
rCold   x . .      Faith    .    h - +2 buckler {rC+ rF+}
rNeg    . . .      Spirit   .    M - +7 fire dragon scales of Elyvilon's Whim {rF++ rC- Will+}
rPois   .          Reflect  .    U - +3 crown of Dyrovepreva {rElec Int+2 SInv}
rElec   +          Harm     .    r - +0 cloak
rCorr   .          Rampage  .    s - +2 pair of gloves
Will    ++...                    x - +0 pair of boots
Stlth   +.........               N - amulet of regeneration
HPRegen 1.14/turn                l - ring of wizardry
MPRegen 0.29/turn                p - ring of fire

@: no status effects
A: no striking features
a: Renounce Religion


You were on level 1 of the Shoals.
You worshipped Vehumet.
Vehumet was extremely pleased with you.
You visited 5 branches of the dungeon, and saw 26 of its levels.
You also visited: Bailey.

You collected 3348 gold pieces.
You spent 347 gold pieces at shops.

Inventory:

Hand Weapons
 H - a +3 vampiric quick blade (weapon)
Missiles
 f - 3 throwing nets
Armour
 h - a +2 buckler of resistance (worn)
 m - a +1 ring mail of cold resistance
 n - the +2 leather armour of Loidiam {rPois Regen+ Slay+3}
   (You found it in a bailey)

   Slay:      It affects your accuracy & damage with ranged weapons and melee
   (+3).
   rPois:     It protects you from poison.
   Regen:     It increases your rate of health regeneration.
 r - a +0 cloak (worn)
 s - a +2 pair of gloves (worn)
 x - a +0 pair of boots (worn)
 M - the +7 fire dragon scales of Elyvilon's Whim (worn) {rF++ rC- Will+}
   (You found it on level 9 of the Dungeon)

   rF:        It greatly protects you from fire.
   rC:        It makes you vulnerable to cold.
   Will:      It increases your willpower.
 U - the +3 crown of Dyrovepreva (worn) {rElec Int+2 SInv}
   (You found it on level 1 of the Lair of Beasts)

   Int:       It affects your intelligence (+2).
   rElec:     It insulates you from electricity.
   SInv:      It lets you see invisible.
Magical Staves
 A - a staff of earth
 F - a staff of death
Jewellery
 l - a ring of wizardry (left hand)
 p - a ring of fire (right hand)
 E - a ring of flight
 I - a ring of poison resistance
 K - a ring of protection from fire
 N - an amulet of regeneration (around neck)
Wands
 c - a wand of charming (10)
 t - a wand of digging (11)
 y - a wand of polymorph (11)
 O - a wand of light (5)
Scrolls
 b - 9 scrolls of teleportation
 o - 3 scrolls of amnesia
 D - 3 scrolls of blinking
 G - 2 scrolls of acquirement
 J - a scroll of fog
 L - 2 scrolls of magic mapping
 P - a scroll of enchant weapon
 W - 2 scrolls of immolation
Potions
 a - 3 potions of might
 d - a potion of magic
 e - 6 potions of heal wounds
 g - 8 potions of attraction
 i - 4 potions of flight
 j - 7 potions of brilliance {unknown}
 k - 20 potions of curing
 q - a potion of resistance {unknown}
 u - 2 potions of berserk rage {unknown}
 v - 8 potions of lignification {unknown}
 w - 7 potions of haste
 z - a potion of degeneration {unknown}
 C - 4 potions of mutation {unknown}
Miscellaneous
 B - a box of beasts (inert)


   Skills:
 - Level 4.0 Fighting
 - Level 10.0 Armour
 - Level 3.0 Dodging
 - Level 3.1 Stealth
 + Level 3.5 Shields
 * Level 23.9 Spellcasting
 + Level 15.4 Conjurations
 - Level 1.1 Summonings
 - Level 3.1 Necromancy
 - Level 1.1 Translocations
 + Level 14.4 Fire Magic
 - Level 1.1 Air Magic
 - Level 1.0 Earth Magic
 - Level 1.1 Poison Magic
 - Level 1.0 Evocations


You had 27 spell levels left.
You knew the following spells:

 Your Spells              Type           Power      Damage    Failure   Level
a - Magic Dart            Conj           100%       1d8       0%          1
b - Mephitic Cloud        Conj/Pois/Air  64%        N/A       1%          3
c - Call Imp              Summ           42%        N/A       4%          2
d - Blink                 Tloc           84%        N/A       4%          2
e - Flame Wave            Conj/Fire      100%       2d21      1%          4
f - Fireball              Conj/Fire      56%        3d22      1%          5
g - Airstrike             Air            21%        2d(3-19)  9%          4
h - Lee's Rapid Deconstr  Erth           21%        3d12*     22%         5
i - Swiftness             Air            42%        N/A       10%         3
j - Iron Shot             Conj/Erth      35%        9d7       8%          6

Your spell library contained the following spells:

 Spells                   Type           Power      Damage    Failure   Level
 Kiss of Death            Conj/Necr      100%       2d13      1%          1
 Shock                    Conj/Air       100%       1d9       1%          1
 Poisonous Vapours        Pois/Air       84%        N/A       1%          2
 Scorch                   Fire           100%       2d10      1%          2
 Inner Flame              Hex/Fire       87%        N/A       1%          3
 Kindle Blastsparks       Fire/Tloc/Air  100%       2d18      1%          3
 Fulminant Prism          Conj/Hex       35%        3d17      1%          4
 Iskenderun's Mystic Bla  Conj/Tloc      71%        2d14      1%          4
 Apportation              Tloc           84%        N/A       3%          1
 Cigotuvi's Dreadful Rot  Necr/Pois/Air  92%        N/A       3%          2
 Vampiric Draining        Necr           53%        2d9       4%          3
 Slow                     Hex            100%       N/A       5%          1
 Olgreb's Toxic Radiance  Pois           43%        N/A       9%          4
 Dispel Undead            Necr           53%        3d19      14%         4
 Confusing Touch          Hex            35%        N/A       16%         3
 Ignition                 Fire           55%        3d15      22%         8
 Cause Fear               Hex            17%        N/A       43%         4
 Alistair's Intoxication  Tmut/Pois      26%        N/A       69%         5
 Summon Cactus Giant      Summ           21%        N/A       99%         6
 Ozocubu's Refrigeration  Ice            17%        4d11      99%         7
 Borgnjor's Revivificati  Necr           26%        N/A       100%        8
 Discord                  Hex            17%        N/A       100%        8
 Necromutation            Tmut/Necr      22%        N/A       100%        8
 Death's Door             Necr           26%        N/A       100%        9


Dungeon Overview and Level Annotations

Branches:
Dungeon (15/15)            Temple (1/1) D:5            Lair (5/5) D:9
 Shoals (3/4) Lair:2        Snake (0/4) Lair:3        Slime (0/5) Lair:5
    Orc (2/2) D:10            Elf (0/3) Orc:2        Vaults (0/5) D:14
 Depths (0/4) D:15         Bailey (visited)

Altars:
Kikubaaqudgha
Nemelex Xobeh
Qazlal
Ru
Trog
Uskayaw
Vehumet
Wu Jian
Zin
The Shining One
Jiyva

Shops:
D:3 :   Orc:1 *   Orc:2 *!

Annotations:
Shoals:1 1 transporter, Zugaegat's ghost, journeyman DEDe


Message History

The merfolk impaler is engulfed in noxious fumes.
The merfolk impaler rages.
Unknown command.
Unknown command.
Casting: Fireball (safe; 1% risk of failure)
Confirm with . or Enter, or press ? or * to list all spells.
Aiming: Fireball (safe; 1% risk of failure)
Press: ? - help, Shift-Dir - straight line You feel a surge of power!
The fireball explodes!
The fireball engulfs the merfolk!!
You kill the merfolk!
Vehumet accepts your kill.
You feel your power returning.
The fireball engulfs the merfolk!!
The merfolk is almost dead.
The fireball engulfs the merfolk impaler!!!
The merfolk impaler is moderately wounded.
The merfolk impaler closely misses you.
The moth of wrath goads the merfolk on!
The merfolk goes berserk!
The merfolk is engulfed in noxious fumes.
You block the merfolk impaler's attack.
Unknown command.
Casting: Fireball (safe; 1% risk of failure)
Confirm with . or Enter, or press ? or * to list all spells.
Aiming: Fireball (safe; 1% risk of failure)
Press: ? - help, Shift-Dir - straight line, f - merfolk impaler
Aim: a merfolk impaler, wielding a +0 trident and wearing a +1 robe of willpower (moderately wounded, berserk)
You feel a surge of power!
The fireball explodes!
The fireball engulfs the merfolk impaler!!
The merfolk impaler is heavily wounded.
The fireball engulfs the merfolk impaler!!!
The merfolk impaler is almost dead.
The fireball engulfs the merfolk!!!
You kill the merfolk!
Vehumet accepts your kill.
You feel your power returning.
The merfolk impaler hits you from afar with a +0 trident!! x2
* * * LOW HITPOINT WARNING * * *
The merfolk impaler is engulfed in noxious fumes.
The merfolk impaler hits you from afar with a +0 trident!
You die...

........##..~~...~~~~~≈~..≈≈~....
.....~.......~..~~~~~~..~≈≈~.~...
....~~....~~..~~~~~~~~.~≈≈≈≈≈≈~~~
..~~~~...~#####~~~~....~~~≈≈≈≈~..
..~~~~..###...###......~..~≈≈≈~.~
...~~..###......##........~~~~..~
.)...(.#.####....#..###....~~..~~
......##..#≈#.○°.##..##...~~~~...
......#m....ymm)@.#..##...~~~~..~
.....©#m....mm#W.©#©.....~~~...~~
......#m.##.[.≈#..#.[....~~.....~
......##y#≈#.###.##...~~~~..###..
.......#####....##..~~~~~~~.# #..
.......###.m....##..~~~~≈~~.###..
........###mm.###..~~~~≈≈~~......
..........#####.~~.~~~≈≈≈~~~.>...
..##..#.........~~~~~≈≈≈≈≈~~~~~..


You could see 2 merfolk impalers, 2 merfolk, a moth of wrath and Zugaegat's
ghost.

Vanquished Creatures
  Rupert (Lair:3)
  3 krakens
  Ilsuiw (Shoals:3)
  An angel (D:15)
  Azrael (D:15)
  Snorg (D:10)
  3 merfolk impalers (Shoals:1)
  4 hydras
  A vault guard (D:14)
  A hydra (shapeshifter) (D:13)
  4 catoblepae
  A merfolk avatar (Shoals:2)
  A merfolk aquamancer (Shoals:3)
  A boulder beetle (D:15)
  5 centaur warriors
  A satyr (Shoals:1)
  A two-headed ogre (D:12)
  A tengu warrior (D:13)
  15 death yaks
  A sun demon (Orc:2)
  A soul eater (D:12)
  Nergalle (Lair:1)
  10 skeletal warriors
  8 sea snakes
  3 wizards (D:15)
  4 orc knights
  A deep elf zephyrmancer (Bailey)
  A deep elf pyromancer (D:12)
  An orange crystal statue (D:12)
  9 harpies
  19 manticores
  A necromancer (D:15)
  17 ugly things
  An orc sorcerer (D:13)
  5 merfolk sirens
  6 cyclopes
  6 fauns
  2 black mambas
  14 elephants
  Maurice (Orc:2)
  5 water nymphs
  2 naga magi (D:15)
  A gargoyle (D:12)
  A smoke demon (D:12)
  2 orange demons
  An unseen horror (D:12)
  A centaur skeleton (D:15)
  13 cane toads
  An efreet (D:14)
  A freezing wraith (D:14)
  2 rime drakes
  7 komodo dragons
  A queen bee (Lair:1)
  A polar bear (shapeshifter) (D:13)
  4 polar bears
  3 wind drakes
  3 trolls
  3 hornets (Lair:4)
  17 merfolk
  Prince Ribbit (D:7)
  5 slime creatures (D:13)
  4 snapping turtles
  9 blink frogs
  13 dream sheep
  A meliai zombie (D:15)
  Sigmund (D:2)
  A wyvern (Lair:4)
  12 spriggans (Lair:4)
  2 water elementals
  3 wraiths
  Grum (D:11)
  4 fire elementals (D:14)
  68 yaks
  2 basilisks
  2 chaos spawn (D:12)
  2 steam dragons
  13 vampire mosquitoes
  2 neqoxecs (D:12)
  3 wargs
  An acid dragon (D:12)
  21 water moccasins
  2 hell hounds (D:15)
  Duvessa (D:4)
  37 orc warriors
  A hornet zombie (D:15)
  An ice beast (D:6)
  A black bear (Lair:3)
  4 ogres
  13 wolves
  3 boggarts (Lair:4)
  11 centaurs
  9 bullfrogs
  A gnoll sergeant (D:8)
  2 scorpions (D:6)
  Dowan (D:4)
  34 killer bees
  5 electric eels
  5 howler monkeys
  4 quasits (D:12)
  2 jellies
  6 hounds
  23 orc priests
  The ghost of Inus the Sneak, a weakling FeVM (D:3)
  Crazy Yiuf (D:2)
  Jessica (D:2)
  2 boggart zombies (D:15)
  2 iguanas
  27 orc wizards
  4 hell rats (Lair:3)
  Robin (D:2)
  15 gnolls
  5 adders
  3 shadow imps
  A white imp (D:6)
  2 worms
  A dart slug (D:4)
  87 orcs
  5 ball pythons
  8 bats
  6 endoplasms
  2 giant cockroaches
  12 goblins
  11 hobgoblins
  5 kobolds
  2 quokkas
  A frilled lizard (D:2)
  6 rats
  23 bushes
  4 tentacles
803 creatures vanquished.

Vanquished Creatures (collateral kills)
  3 goblins (D:2)
  A hobgoblin (D:2)
4 creatures vanquished.

Vanquished Creatures (others)
  An electric eel (D:11)
  14 demonic plants (D:12)
  24 fungi
  157 plants
  8 tentacles
204 creatures vanquished.

Grand Total: 1011 creatures vanquished

Notes
Turn   | Place    | Note
-------+----------+-------------------------------------------
     0 | D:1      | pokeman the Deep Elf Hedge Wizard began the quest for the
                  | Orb.
     0 | D:1      | Reached XP level 1. HP: 10/10 MP: 7/7
   363 | D:1      | Reached XP level 2. HP: 16/16 MP: 5/9
   728 | D:1      | Reached skill level 5 in Spellcasting
  1197 | D:2      | Noticed Sigmund
  1539 | D:2      | Reached XP level 3. HP: 12/20 MP: 0/11
  1543 | D:2      | Learned a level 3 spell: Mephitic Cloud
  1546 | D:2      | Learned a level 2 spell: Call Imp
  1549 | D:2      | Learned a level 2 spell: Blink
  1807 | D:2      | Noticed Robin
  1819 | D:2      | Killed Robin
  1820 | D:2      | Reached skill level 1 in Fighting
  1820 | D:2      | Reached skill level 1 in Armour
  2399 | D:2      | Noticed Jessica
  2400 | D:2      | Reached XP level 4. HP: 25/25 MP: 9/13
  2406 | D:2      | Killed Jessica
  2676 | D:2      | Killed Sigmund
  2677 | D:2      | Reached XP level 5. HP: 29/29 MP: 12/15
  2855 | D:2      | Found a runed translucent door.
  2856 | D:2      | Noticed Crazy Yiuf
  2871 | D:2      | Killed Crazy Yiuf
  2872 | D:2      | Reached skill level 5 in Conjurations
  2872 | D:2      | Reached XP level 6. HP: 34/34 MP: 9/16
  3339 | D:3      | Found Ceem's Book Shop.
  3342 | D:3      | Reached skill level 6 in Spellcasting
  3574 | D:3      | Found a stormy altar of Qazlal.
  3575 | D:3      | Found a transporter.
  3576 | D:3      | Found a radiant altar of Vehumet.
  3577 | D:3      | Found a bloodstained altar of Trog.
  3581 | D:3      | Found a glowing golden altar of the Shining One.
  3582 | D:3      | Found a transporter.
  3582 | D:3      | Noticed Inus's ghost (weakling FeVM)
  3586 | D:3      | Became a worshipper of Vehumet
  4000 | D:3      | Killed Inus's ghost
  4124 | D:3      | Learned a level 4 spell: Flame Wave
  4437 | D:4      | Noticed Duvessa
  4438 | D:4      | Noticed Dowan
  4451 | D:4      | Killed Duvessa
  4452 | D:4      | Reached skill level 1 in Air Magic
  4452 | D:4      | Reached skill level 1 in Poison Magic
  4456 | D:4      | Killed Dowan
  4457 | D:4      | Reached XP level 7. HP: 31/38 MP: 14/19
  4582 | D:4      | Reached skill level 7 in Spellcasting
  4582 | D:4      | Reached skill level 1 in Fire Magic
  4582 | D:4      | Reached skill level 1 in Evocations
  4993 | D:5      | Entered Level 5 of the Dungeon
  5497 | D:5      | Found a staircase to the Ecumenical Temple.
  5594 | D:5      | Reached * piety under Vehumet
  5594 | D:5      | Offered knowledge of Kiss of Death by Vehumet.
  5604 | D:5      | Reached skill level 8 in Spellcasting
  6172 | D:6      | Reached XP level 8. HP: 44/44 MP: 14/22
  6390 | D:6      | Found a large runed translucent door.
  6390 | D:6      | Found a large runed translucent door.
  6592 | D:6      | Reached skill level 9 in Spellcasting
  6597 | D:6      | Reached skill level 10 in Spellcasting
  6817 | D:6      | Reached XP level 9. HP: 40/48 MP: 17/25
  7159 | D:6      | Found a sacrificial altar of Ru.
  7219 | D:6      | Found a sparkling altar of Nemelex Xobeh.
  7746 | D:7      | Reached ** piety under Vehumet
  7889 | D:7      | Noticed Prince Ribbit
  7890 | D:7      | Offered knowledge of Momentum Strike by Vehumet.
  7906 | D:7      | Killed Prince Ribbit
  7907 | D:7      | Reached skill level 11 in Spellcasting
  7907 | D:7      | Reached skill level 5 in Fire Magic
  8072 | D:7      | Found an ornate altar of the Wu Jian Council.
  8444 | D:8      | Found a flagged portal.
  8462 | Bailey   | Entered a bailey
  8607 | Bailey   | Offered knowledge of Poisonous Vapours by Vehumet.
  8608 | Bailey   | Reached skill level 12 in Spellcasting
  8640 | Bailey   | Reached XP level 10. HP: 56/56 MP: 6/28
  8650 | Bailey   | Noticed an orc knight
  8670 | Bailey   | Killed an orc knight
  8704 | Bailey   | Reached *** piety under Vehumet
  8807 | Bailey   | Found a large runed translucent door.
  8807 | Bailey   | Found a large runed translucent door.
  8808 | Bailey   | Noticed a deep elf zephyrmancer
  8894 | Bailey   | Killed a deep elf zephyrmancer
  9017 | Bailey   | Identified the +2 leather armour of Loidiam {rPois Regen+
                  | Slay+3}
  9190 | D:8      | Noticed a manticore
  9209 | D:8      | Killed a manticore
  9210 | D:8      | Reached skill level 13 in Spellcasting
  9281 | D:8      | Offered knowledge of Sticky Flame by Vehumet.
  9872 | D:9      | Identified the +7 fire dragon scales of Elyvilon's Whim
                  | {rF++ rC- Will+}
 10104 | D:9      | Reached skill level 14 in Spellcasting
 10169 | D:9      | Found a staircase to the Lair.
 10344 | D:9      | Noticed a +0 falchion
 10344 | D:9      | Noticed a +0 dagger
 10346 | D:9      | Noticed a +0 short sword
 10346 | D:9      | Noticed a +0 dagger
 10346 | D:9      | Noticed a +0 spear
 10346 | D:9      | Noticed a +0 short sword
 10346 | D:9      | Noticed a +0 falchion
 10347 | D:9      | Noticed a +0 spear
 10374 | D:9      | Found a hide-covered altar of Uskayaw.
 10526 | D:9      | Found an ancient bone altar of Kikubaaqudgha.
 10597 | D:10     | Entered Level 10 of the Dungeon
 10624 | D:10     | Noticed Snorg
 10659 | D:10     | Reached XP level 11. HP: 61/61 MP: 27/31
 10699 | D:10     | Killed Snorg
 10699 | D:10     | Reached **** piety under Vehumet
 10811 | D:10     | Found a staircase to the Orcish Mines.
 11068 | D:10     | Offered knowledge of Olgreb's Toxic Radiance by Vehumet.
 11470 | D:11     | Reached skill level 15 in Spellcasting
 11642 | D:11     | Noticed Grum
 11650 | D:11     | Killed Grum
 11652 | D:11     | Reached skill level 10 in Conjurations
 11747 | D:11     | Reached skill level 5 in Armour
 12348 | D:12     | Noticed a cyan ugly thing
 12536 | D:12     | Noticed a deep elf pyromancer
 12547 | D:12     | Killed a deep elf pyromancer
 12569 | D:12     | Noticed a soul eater
 12576 | D:12     | Reached skill level 16 in Spellcasting
 12584 | D:12     | Killed a soul eater
 12585 | D:12     | Reached XP level 12. HP: 60/66 MP: 17/34
 12648 | Lair:1   | Entered Level 1 of the Lair of Beasts
 12658 | Lair:1   | Found the +5 robe of Misfortune {Harm *Corrode *Slow EV+5}
 12772 | Lair:1   | Reached ***** piety under Vehumet
 12772 | Lair:1   | Offered knowledge of Irradiate by Vehumet.
 12831 | Lair:1   | Noticed Nergalle
 12854 | Lair:1   | Killed Nergalle
 13122 | Lair:1   | Found the +3 crown of Dyrovepreva {rElec Int+2 SInv}
 13469 | Lair:2   | Reached skill level 17 in Spellcasting
 13986 | Lair:2   | Found a staircase to the Shoals.
 14153 | Lair:2   | Found the +4 moon troll leather armour {Spirit, Regen++
                  | MP+5}
 14309 | Lair:3   | Noticed Rupert
 14435 | Lair:3   | Killed Rupert
 14436 | Lair:3   | Reached skill level 10 in Fire Magic
 14659 | Lair:3   | Learned a level 3 spell: Swiftness
 14717 | Lair:3   | Found a staircase to the Snake Pit.
 14728 | Lair:3   | Reached skill level 18 in Spellcasting
 14769 | Lair:3   | Reached XP level 13. HP: 57/70 MP: 26/37
 15662 | Lair:4   | Reached skill level 19 in Spellcasting
 15668 | Lair:4   | Offered knowledge of Spellforged Servitor by Vehumet.
 15805 | Lair:4   | Identified a scroll of acquirement
 15806 | Lair:4   | Acquired a +2 quick blade of draining
 16473 | Lair:5   | Entered Level 5 of the Lair of Beasts
 16756 | Lair:5   | Found a sparkling altar of Nemelex Xobeh.
 16798 | Lair:5   | Reached XP level 14. HP: 59/76 MP: 39/39
 16802 | Lair:5   | Reached skill level 20 in Spellcasting
 16938 | Lair:5   | Found a staircase to the Slime Pits.
 16967 | Lair:5   | Found a viscous altar of Jiyva.
 17357 | Lair:5   | Offered knowledge of Eringya's Noxious Bog by Vehumet.
 17647 | Lair:5   | Acquired 990 gold pieces
 17679 | Lair:5   | Identified the +0 leather armour of Wisdom {Dex+2}
 18176 | Temple   | Entered the Ecumenical Temple
 18553 | Orc:1    | Entered Level 1 of the Orcish Mines
 18573 | Orc:1    | Noticed Maurice
 18695 | Orc:1    | Found a radiant altar of Vehumet.
 18846 | Orc:2    | Entered Level 2 of the Orcish Mines
 18846 | Orc:2    | Found a staircase to the Elven Halls.
 19221 | Orc:2    | Killed Maurice
 19484 | Orc:1    | Offered knowledge of Yara's Violent Unravelling by Vehumet.
 19486 | Orc:1    | Reached skill level 21 in Spellcasting
 19599 | Orc:1    | Found Cohesk's Assorted Antiques.
 19609 | Orc:1    | Bought 2 smoky golden potions for 52 gold pieces
 19609 | Orc:1    | Bought a sapphire potion for 26 gold pieces
 19609 | Orc:1    | Bought a sapphire potion for 26 gold pieces
 19757 | Orc:2    | Found Siurem's Distillery.
 19760 | Orc:2    | Found Wosia's General Store.
 19911 | Orc:2    | Bought a potion of curing for 45 gold pieces
 19911 | Orc:2    | Bought a potion of curing for 45 gold pieces
 19911 | Orc:2    | Bought a potion of heal wounds for 75 gold pieces
 19911 | Orc:2    | Bought a potion of flight for 45 gold pieces
 19913 | Orc:2    | Bought a potion of curing for 33 gold pieces
 20183 | D:11     | Learned a level 4 spell: Airstrike
 20372 | D:12     | Acquired a +2 buckler of resistance
 20712 | D:11     | Learned a level 5 spell: Lee's Rapid Deconstruction
 21226 | D:13     | Reached skill level 1 in Earth Magic
 21684 | D:13     | Offered knowledge of Fireball by Vehumet.
 21691 | D:13     | Learned a level 5 spell: Fireball
 21818 | D:13     | Reached XP level 15. HP: 80/80 MP: 34/42
 23011 | D:14     | Reached skill level 22 in Spellcasting
 23403 | D:14     | Found a gate to the Vaults.
 23470 | D:15     | Entered Level 15 of the Dungeon
 23484 | D:15     | Noticed Azrael
 24188 | D:15     | Offered knowledge of Starburst by Vehumet.
 24242 | D:15     | Identified the +1 leather armour of Cimyt {rN+ Will- SInv
                  | Stlth+}
 24532 | D:15     | Found a staircase to the Depths.
 24929 | D:15     | Found a glowing silver altar of Zin.
 25453 | Shoals:1 | Entered Level 1 of the Shoals
 25618 | Shoals:1 | Reached skill level 10 in Armour
 25800 | Shoals:1 | Noticed Zugaegat's ghost (journeyman DEDe)
 25804 | Shoals:1 | Found a bloodstained altar of Trog.
 25804 | Shoals:1 | Identified the ring of Ysestropp {Fire *Corrode Fly Str+7}
 25976 | Shoals:1 | Reached skill level 1 in Necromancy
 26120 | Shoals:1 | Found a transporter.
 26120 | Shoals:1 | Found a transporter.
 26159 | Shoals:1 | Reached skill level 1 in Shields
 26162 | Shoals:1 | Reached skill level 23 in Spellcasting
 26887 | Shoals:2 | Noticed a kraken
 26896 | Shoals:2 | Killed a kraken
 27014 | Shoals:2 | Reached XP level 16. HP: 84/84 MP: 27/45
 27348 | Shoals:2 | HP: 2/84 [water nymph/the raging water (11)]
 27559 | Shoals:2 | Reached skill level 15 in Conjurations
 28266 | Shoals:2 | Noticed a kraken
 28271 | Shoals:2 | Killed a kraken
 28377 | Shoals:3 | Noticed a kraken
 28382 | Shoals:3 | Killed a kraken
 28677 | Shoals:3 | Noticed Ilsuiw
 28685 | Shoals:3 | Killed Ilsuiw
 29223 | Shoals:3 | Offered knowledge of Iron Shot by Vehumet.
 29231 | Shoals:3 | Learned a level 6 spell: Iron Shot
 30376 | D:15     | Killed Azrael
 31022 | Shoals:1 | Slain by a merfolk impaler

Illustrated notes

Levels and vault maps discovered:
D:1:      mrwooster_arrival_statue_3, layout_basic, due_unseen_surprise
D:2:      layout_loops_corners, uniq_crazy_yiuf_cottage, uniq_sigmund,
          uniq_jessica, uniq_robin
D:3:      layout_basic, grunt_temple_overflow_open, gammafunk_ghost_arena,
          serial_shops, nicolae_shop_statue_plus, dk_noncrumbling_2,
          dreamdust_princess_bridge, kennysheep_flooded_box,
          hangedman_decor_lopped
D:4:      layout_gridville, chequers_serial_rivers_large_b, nrook_mini_vaults,
          minmay_small_thing, uniq_duvessa
D:5:      layout_layer_cave, minmay_temple_entry_purple_smoke
D:6:      layout_gridville, jmf_multi_god_temple2
D:7:      layout_basic, mainiacjoe_overflow_six_doors_small,
          dreamdust_wishing_well, uniq_prince_ribbit1
D:8:      layout_loops_ring, enter_bailey_4, minmay_misc_feat_more_columns,
          minmay_hedge_maze
D:9:      layout_roguey, tgw_kikubaaqudgha, nicolae_uskayaw_en_pointe,
          david_lair_shrubbed, water_boxes_lemuel
D:10:     layout_irregular_city, orc_0_dummy, minmay_misc_feat_doors,
          minmay_misc_feat_four_crosses, nicolae_eternal_life, uniq_snorg
D:11:     layout_basic, uniq_grum
D:12:     layout_loops_ring, serial_demonic, serial_demonic_c, serial_demonic_f,
          serial_demonic_b, serial_demonic_c, serial_demonic_c,
          serial_demonic_c, minmay_statue_bubble
D:13:     layout_basic
D:14:     layout_long_grid, david_vaults_5, patterned_corridor,
          nicolae_straight_to_the_point
D:15:     grunt_enter_depths_magical_seal, layout_loops_ring, zin_angel,
          uniq_azrael
Temple:   oiseaux_autumnal_temple
Lair:1:   layout_roguey [special_room_bee], uniq_nergalle
Lair:2:   layout_regular_city, minmay_shoals_entry_hut
Lair:3:   layout_cave_shapes, guppyfry_snake_entry_garden, forest_entry_grove,
          uniq_rupert
Lair:4:   kb_forest_paths, layout_regular_city, serial_forest,
          infiniplex_forest_zigzag_1, infiniplex_forest_end_3,
          infiniplex_forest_lined_3, infiniplex_forest_straight_3,
          infiniplex_forest_clump_long, infiniplex_forest_clump_double,
          infiniplex_forest_clump_curved, infiniplex_forest_lined_corner
Lair:5:   evilmike_catoblepas_cave, layout_regular_city, slime_entry_1,
          basic_altar, serial_bayou_shore_b, grunt_megastairs_4,
          serial_bayou_shore_b, lemuel_fruit_tree
Shoals:1: cheibrodos_shoals_satyrical_garden, layout_shoals,
          gammafunk_ghost_wrathful_warriors
Shoals:2: layout_shoals
Shoals:3: layout_shoals, uniq_ilsuiw
Orc:1:    layout_caves, basic_altar, serial_shops, shop,
          statue_in_the_mist_lemuel, uniq_maurice
Orc:2:    pf_orc_diabolical, layout_caves, basic_altar

Skill      XL: |  1  2  3  4  5  6  7  8  9 10 11 12 13 14 15 16 |
---------------+-------------------------------------------------+-----
Spellcasting   | 5 6 8 10 12 14 16 18 19 21 23 | 23.9
Fighting       | 1 2 3 4 |  4.0
Armour         | 1 2 3 4 5 6 8 9 10 | 10.0
Conjurations   | 2 4 5 6 7 8 9 10 11 12 13 14 15 | 15.4
Stealth        | 3 |  3.1
Dodging        | 3 |  3.0
Air Magic      | 1 |  1.1
Poison Magic   | 1 |  1.1
Fire Magic     | 2 4 5 7 9 10 11 12 13 14 | 14.4
Evocations     | 1 |  1.0
Earth Magic    | 1 |  1.0
Necromancy     | 2 3 |  3.1
Shields        | 1 3 |  3.5
Summonings     | |  1.1
Translocations | |  1.1

Action                   |  1- 3 |  4- 6 |  7- 9 | 10-12 | 13-15 | 16-18 || total
-------------------------+-------+-------+-------+-------+-------+-------++-------
Melee: Dagger            |    16 |    23 |   111 |   126 |    24 |       ||   300
       Punch             |       |       |     5 |     8 |     4 |       ||    17
       Quick blade       |       |       |       |       |    85 |    13 ||    98
 Cast: Magic Dart        |   106 |    63 |   133 |    48 |    80 |     1 ||   431
       Call Imp          |     3 |     2 |       |     3 |     7 |       ||    15
       Mephitic Cloud    |     1 |     4 |    32 |    51 |    44 |     6 ||   138
       Blink             |       |     2 |       |       |     5 |       ||     7
       Flame Wave        |       |       |    15 |    69 |   109 |       ||   193
       Airstrike         |       |       |       |       |    60 |       ||    60
       Fireball          |       |       |       |       |   134 |   113 ||   247
       Lee's Rapid Decon |       |       |       |       |     4 |       ||     4
       Iron Shot         |       |       |       |       |       |    10 ||    10
Evoke: Wand              |       |       |       |    18 |    23 |     3 ||    44
       Box of beasts     |       |       |       |       |       |     1 ||     1
  Use: Scroll            |       |       |       |    11 |    13 |     1 ||    25
       Potion            |       |       |       |       |     1 |       ||     1
 Stab: Distracted        |     1 |       |       |       |       |       ||     1
       Confused          |       |     7 |     9 |    10 |     6 |     1 ||    33
       Sleeping          |       |       |     1 |     1 |       |       ||     2
Armor: Leather armour    |       |     9 |    61 |    87 |    51 |       ||   208
       Fire dragon scale |       |       |       |       |   136 |    35 ||   171
Dodge: Dodged            |    13 |    24 |   107 |   160 |   141 |    12 ||   457
Block: Buckler           |       |       |       |       |       |     1 ||     1

Table legend: (Time is in decaauts)
 A = Elapsed time spent in this place.
 B = Non-inter-level travel time spent in this place.
 C = Inter-level travel time spent in this place.
 D = Time resting spent in this place.
 E = Time spent auto-exploring this place.
 F = Levels seen in this place.
 G = Mean time per level.
                   A        B        C        D        E       F      G
               +--------+--------+--------+--------+--------+-----+--------+
         Total |  31240 |  28723 |   2517 |   2546 |  20966 |  27 | 1157.0 |
       Dungeon |  18485 |  16816 |   1669 |   1162 |  12788 |  15 | 1232.3 |
        Temple |     40 |     35 |      5 |      0 |      0 |   1 |   40.0 |
          Lair |   5760 |   5309 |    451 |    372 |   3919 |   5 | 1152.0 |
        Shoals |   4777 |   4470 |    307 |    874 |   3093 |   3 | 1592.3 |
  Orcish Mines |   1559 |   1476 |     83 |     35 |   1000 |   2 |  779.5 |
        Bailey |    617 |    617 |      0 |    103 |    165 |   1 |  617.0 |
               +--------+--------+--------+--------+--------+-----+--------+

Top non-repeatable levels by time:
Shoals:2: 1776 daAuts
Shoals:1: 1723 daAuts
    D:14: 1711 daAuts
    D:15: 1665 daAuts
     D:1: 1607 daAuts
  Lair:4: 1596 daAuts
     D:2: 1591 daAuts
  Lair:5: 1461 daAuts
    D:11: 1328 daAuts
Shoals:3: 1278 daAuts
     D:6: 1201 daAuts
     D:5: 1180 daAuts
    D:12: 1147 daAuts
     D:3: 1112 daAuts
  Lair:2: 1104 daAuts
